 Dungeon Sprint DCSS version 0.23-a0-183-gf37f6fb (webtiles) character file.

11 Kidiri the Covered (level 2, -1/27 HPs)
             Began as a Minotaur Fighter on Sept 22, 2018.
             Splashed by a jelly's acid (9 damage)
             ... in the Dungeon (Sprint IX: "|||||||||||||||||||||||||||||").
             The game lasted 00:00:59 (87 turns).

Kidiri the Covered (Minotaur Fighter)                 Turns: 87, Time: 00:01:00

Health: -1/27      AC:  0    Str: 20    XL:     2   Next: 13%
Magic:  1/1        EV:  8    Int:  5    God:
Gold:   0          SH:  9    Dex:  9    Spells: 1/1 levels left

rFire    . . .     SeeInvis .   a - +0 long sword
rCold    . . .     Gourm    .   c - +0 shield
rNeg     . . .     Faith    .   b - +0 scale mail
rPois    .         Spirit   .   (helmet restricted)
rElec    .         Reflect  .   (no cloak)
rCorr    .         Harm     .   (no gloves)
MR       .....     NoTele   +   (no boots)
Stlth    ..........             (no amulet)
HPRegen  0.09/turn              (no ring)
MPRegen  0.07/turn              (no ring)

@: corroded
A: retaliatory headbutt, horns 2
a: no special abilities


You were in the Dungeon.
You were not hungry.

You visited 1 branch

Inventory:

Hand Weapons
 a - a +0 long sword (weapon)
Armour
 b - a +0 scale mail (worn)
 c - a +0 shield (worn)
Scrolls
 k - a scroll of blinking
Potions
 d - a potion of might
 e - a potion of curing
 h - a potion of haste
 i - 2 potions of magic
 j - a potion of berserk rage
Comestibles
 f - a ration
 l - 8 chunks of flesh


   Skills:
 * Level 4.2 Fighting
 * Level 3.2 Long Blades
 + Level 1.0 Throwing
 * Level 4.3 Armour
 + Level 1.1 Dodging
 + Level 0.8 Stealth
 * Level 4.2 Shields


You had one spell level left.
You didn't know any spells.
Your spell library was empty.

Dungeon Overview and Level Annotations

Branches:
Dungeon (1/1)

Altars:


Innate Abilities, Weirdness & Mutations

You reflexively headbutt those who attack you in melee.
You have a pair of horns on your head.


Message History

The acid burns!
The crimson imp blinks!
You hit the jelly but do no damage.
Your hands burn!
The jelly is lightly wounded.
You block the jelly's attack. The crimson imp puffs mist at you.
The crimson imp barely misses you. You block the jelly's attack.
Unknown command.
You feel much better. You block the crimson imp's attack. The jelly hits you.
You are splashed with acid!
The acid burns!
You slash the jelly!
Your hands burn!
You headbutt the jelly.
The jelly is severely wounded.
The crimson imp barely misses you. You furiously retaliate!
You headbutt the crimson imp. The jelly hits you. The acid corrodes you!
You are splashed with acid!
The acid burns!
Your scale mail prevents you from hitting the jelly.
The jelly is severely wounded.
You block the crimson imp's attack. The jelly hits you.
* * * LOW HITPOINT WARNING * * *
You are splashed with acid!
The acid burns!
You die...

▓+▓
▓.▓
▓.▓
▓.▓
▓.▓
▓s▓
▓J▓
▓@▓
▓5▓
▓.▓
▓.▓
▓.▓
▓)▓
▓.▓
▓.▓
▓.▓


You could see a scorpion, a jelly and a crimson imp.

Vanquished Creatures
  2 dart slugs (D)
  A bat (D)
  A bat zombie (D)
  A hobgoblin (D)
  A ball python (D)
  A kobold (D)
7 creatures vanquished.

Notes
Turn   | Place    | Note
-------+----------+-------------------------------------------
     0 | D        | Kidiri the Minotaur Fighter began the quest for the Orb.
     0 | D        | Reached XP level 1. HP: 19/19 MP: 0/0
    16 | D        | Reached skill level 1 in Dodging
    16 | D        | Reached XP level 2. HP: 21/27 MP: 1/1
    78 | D        | Noticed a crimson imp
    78 | D        | Noticed a scorpion
    80 | D        | Reached skill level 1 in Throwing
    87 | D        | Splashed by a jelly's acid

Vault maps used:
D:        linesprint

Skill      XL: |  1  2 |
---------------+-------+-----
Armour         | 4 |  4.3
Shields        | 4 |  4.2
Fighting       | 4 |  4.2
Long Blades    | 3 |  3.2
Dodging        | 1 |  1.1
Throwing       | 1 |  1.0
Stealth        | |  0.8

Action                   || total
-------------------------++-------
Melee: Long sword        ||    21
       Headbutt          ||     3
  Use: Potion            ||     1
Armor: Scale mail        ||     7
Dodge: Dodged            ||     6
Block: Shield            ||    12
       Rpst.: Long sword ||     2

Table legend:
 A = Non-vault XP
 B = Vault XP
 C = Vault XP percentage of total XP
 D = Non-vault monster count
 E = Vault monster count
 F = Vault count percentage of total count
                 A         B        C        D         E       F
            +---------+---------+-------+---------+---------+-------
      Total |       0 |      16 | 100.0 |       0 |       7 | 100.0
            +---------+---------+-------+---------+---------+-------
          D |       0 |      16 | 100.0 |       0 |       7 | 100.0
            +---------+---------+-------+---------+---------+-------
